Map: 莱瑞拉克之冠

Players

shengy - Winner!

  • Race: Zerg Zerg
  • League: Gold

Obsidian

  • Race: Zerg Zerg
  • League: Platinum

VOD

Have the link to the VOD?

Description

Time

  • Played on: Dec. 20, 2015, 1:49 p.m.
  • Length: 6:41
Show
View Real Time Build Order
Export as new Build Order

shengy Zerg - Winner!

Build Orders: Pool First 

Get SALT Encoding   

  12  0:01  Drone  
  13  0:08  Drone  
  14  0:17  Overlord  
  14  0:35  Drone x2  
  14  0:36  Drone  
  17  0:49  Spawning Pool  
  17  0:50  Drone  
  17  0:57  Drone  
  18  1:18  Hatchery  
  18  1:23  Drone  
  18  1:25  Overlord  
  18  1:29  Drone  
  19  1:34  Extractor  
  18  1:40  Queen  
  20  1:51  Drone  
  21  1:58  Spine Crawler  
  20  2:03  Zergling x4  
  22  2:12  Zergling x2  
  23  2:17  Queen  
  25  2:25  Zergling x2  
  26  2:34  Zergling x4  
  28  2:40  Metabolic Boost, Spine Crawler  
  27  2:52  Zergling x6  
  29  3:04  Zergling x6  
  29  3:19  Baneling Nest  
  28  3:31  Drone  
  28  3:32  Overlord  
  29  3:34  Overlord  
  29  3:50  Queen  
  22  4:09  Zergling x4  
  23  4:10  Zergling x4  
  24  4:22  Zergling x6  
  27  4:32  Baneling  
  27  4:33  Baneling x3  
  27  4:39  Drone x2  
  29  5:12  Drone x2  
  29  5:13  Zergling x6  
  34  5:14  Roach Warren  
  33  5:29  Overlord  
  33  5:31  Zergling x6  
  35  5:41  Baneling x4  
  35  5:42  Baneling  
  34  5:49  Queen  
  36  6:14  Overlord  
Show
View Real Time Build Order
Export as new Build Order

Obsidian Zerg 

Build Orders: Pool Only, Zergling Baneling 

Get SALT Encoding   

  12  0:00  Drone  
  13  0:10  Drone  
  14  0:20  Extractor  
  13  0:31  Spawning Pool  
  13  0:32  Drone  
  13  0:39  Overlord  
  13  0:49  Drone  
  14  1:21  Queen, Zergling x6  
  19  1:38  Zergling x2  
  19  1:39  Metabolic Boost  
  20  1:44  Zergling x2  
  21  1:54  Overlord  
  21  2:04  Baneling Nest  
  20  2:12  Zergling x2  
  21  2:25  Zergling x2  
  22  2:34  Zergling x4  
  22  2:35  Zergling x4  
  24  3:03  Zergling x4  
  26  3:10  Zergling x2  
  24  3:15  Zergling x2  
  25  3:23  Baneling  
  25  3:24  Baneling x7  
  25  3:26  Zergling x2  
  26  3:29  Baneling  
  26  3:37  Zergling x2  
  16  4:10  Zergling x8  
  16  4:11  Zergling x2  
  16  4:17  Zergling x2  
  21  4:27  Zergling x2  
  22  4:36  Drone  
  22  4:37  Roach Warren  
  22  4:44  Baneling x2  
  22  4:45  Baneling  
  22  4:49  Baneling  
  22  4:52  Baneling x2  
  22  5:18  Roach  
  22  5:19  Zergling x10  
  29  5:21  Drone  
  29  5:40  Roach  
  29  5:41  Overlord  
  30  5:49  Overlord  
  30  6:06  Roach  
  31  6:14  Drone  
  31  6:15  Drone  
Tags
 
Add a new tag
Caveats
  • Supply blocks, unpowered buildings, or Contaminate may cause inaccurate times.
  • Supply counts are checked every 10 seconds.